[Event "32nd NATO Chess Championship"]
[Site "Tartu, Estonia"]
[Date "2022.06.28"]
[Round "3.10"]
[White "Farrell, John"]
[Black "Pietruszewski, Marcin"]
[Result "0-1"]
[TimeControl "90 min + 30 sec increment from move one"]
[WhiteFideId "2024608"]
[BlackFideId "1170295"]
[WhiteElo "1913"]
[BlackElo "2195"]

1. c4 e5 2. Nc3 Nf6 3. g3 Bb4 4. Nd5 Bc5 5. Bg2 O-O 6. e3 Nc6 7. Ne2 Re8 8. O-O a6 9. d4 Ba7 10.
b3 d6 11. h3 Bf5 12. a3 h6 13. Bb2 e4 14. Nb4 Nb8 15. Kh2 c6 16. d5 c5 17. Nc2 Nbd7 18. Ng1 b5 19. Qe2 Rb8 20.
Rab1 Rb7 21. Ba1 Qb8 22. b4 bxc4 23. Qxc4 a5 24. Bxf6 Nxf6 25. b5 Re5 26. Rfd1 Rbe7 27. a4 Qb7 28.
Qc3 Bb6 29. Na3 Rxd5 30. Nc4 Qc7 31. Ne2 Rxd1 32. Rxd1 d5 33. Nxb6 Qxb6 34. Nf4 Rd7 35. Qe5 Be6 36. Nxe6 fxe6 37.
Qc3 Kf7 38. Rc1 Rc7 39. Rd1 Ke7 40. f3 exf3 41. Bxf3 Rd7 42. Rc1 Rc7 43. Rd1 Rc8 44. Qe5 Kf7 45. Qc3 Qc7 46. Rc1 Ke7 47.
Rb1 Qb6 48. Rc1 c4 49. Kg2 Rc7 50. Kf2 Kd6 51. Rd1 Ke7 52. Ke2 Qc5 53. Rb1 Qb6 54. Qa3+ Kf7 55. Qc3 Ke7 56. Qa3+ Qd6 57.
Qxd6+ Kxd6 58. Kd2 Nd7 59. Kc3 Nb6 60. Bd1 Rf7 61. Rb2 Kc5 62. Rd2 e5 63. h4 Rf1 64. Bc2 Rf3 65. Kb2 Kb4 66.
Re2 Rf1 67. Rg2 Kc5 68. g4 Kb4 69. g5 h5 70. g6 d4 71. exd4 exd4 72. Rg3 d3 73. Bxd3 cxd3 74. Rxd3 Rf2+ 75.
Kc1 Kxa4 76. Rc3 Rg2 77. Rc5 Rxg6 78. Rxh5 Rg2 79. Rf5 Kb4 80. h5 a4 81. Re5 a3 82. Kb1 Na4 83. Re4+ Kb3 0-1

[Event "32nd NATO Chess Championship"]
[Site "Tartu, Estonia"]
[Date "2022.06.28"]
[Round "3.13"]
[White "Duren, Andrew"]
[Black "Pazeriene, Diana"]
[Result "1/2-1/2"]
[TimeControl "90 min + 30 sec increment from move one"]
[WhiteFideId "2019663"]
[BlackFideId "12802190"]
[WhiteElo "1997"]
[BlackElo "1930"]

1. d4 Nf6 2. Bf4 g6 3. e3 Bg7 4. Nf3 c5 5. c3 Qb6 6. Qb3 d6 7. Nbd2 Nbd7 8. h3 Qxb3 9. axb3 b6 10.
Ba6 O-O 11. O-O Nd5 12. Bh2 Bxa6 13. Rxa6 Nc7 14. Raa1 Rfc8 15. Nc4 cxd4 16. exd4 b5 17. Na5 a6 18. Rfe1 Bf6 19. Rad1 d5 20.
b4 Nb6 21. Ne5 Nc4 22. Naxc4 dxc4 23. Nd7 Nd5 24. Nxf6+ exf6 25. Ra1 Rc6 26. Kf1 f5 27. Ke2 f6 28. Kd2 Kf7 29. f3 f4 30.
Bg1 Re8 31. Bf2 Rxe1 32. Rxe1 Re6 33. Ra1 g5 34. Ra3 Ne3 35. Bxe3 fxe3+ 36. Ke2 f5 37. Ra1 f4 38. Rd1 Kf6 39.
g4 Ke7 40. h4 Rh6 1/2-1/2

[Event "32nd NATO Chess Championship"]
[Site "Tartu, Estonia"]
[Date "2022.06.28"]
[Round "3.14"]
[White "Nill, Oliver"]
[Black "Wendler, Edward"]
[Result "1-0"]
[TimeControl "90 min + 30 sec increment from move one"]
[WhiteFideId "4652630"]
[BlackFideId "30956277"]
[WhiteElo "2166"]
[BlackElo "1839"]

1. c4 e6 2. e4 d5 3. exd5 exd5 4. d4 Nf6 5. Nc3 Be6 6. Bg5 Be7 7. c5 O-O 8. Nf3 b6 9. cxb6 axb6 10.
Be2 Ne4 11. Bxe7 Qxe7 12. O-O Nxc3 13. bxc3 Nd7 14. Re1 Ra3 15. Qc2 Qf6 16. Bd3 h6 17. Bb5 Rfa8 18. Qb2 Kh7 19. Re3 Bf5 20.
Bxd7 Bxd7 21. Ne5 Bf5 22. Qd2 Be6 23. h3 c5 24. Rf3 Qe7 25. Re1 f6 26. Qd3+ Kg8 27. Ng6 Qd7 28. Rxe6 Qxe6 29.
Re3 Qd6 30. Ne7+ Kf8 31. Qh7 Qxe7 32. Rxe7 Kxe7 33. Qxg7+ Ke6 34. Qb7 cxd4 35. Qxb6+ Kf7 36. cxd4 R8a7 37. Qc6 Rxa2 38. Qxd5+ Kg7 39.
h4 R2a5 40. Qe4 Rf7 41. d5 Raa7 42. h5 f5 43. Qd4+ Kh7 44. d6 Rad7 45. Qe5 Ra7 46. Qe6 Ra1+ 47. Kh2 Raa7 48. Qg6+ Kh8 49.
Qxh6+ Kg8 50. Qg6+ Kh8 51. h6 Rad7 52. g3 Ra7 53. Kg2 Rad7 54. h7 Rxh7 55. Qe8+ 1-0

[Event "32nd NATO Chess Championship"]
[Site "Tartu, Estonia"]
[Date "2022.06.28"]
[Round "3.15"]
[White "Giedraitis, Mingaudas"]
[Black "Jauk, Wilhelm"]
[Result "1/2-1/2"]
[TimeControl "90 min + 30 sec increment from move one"]
[WhiteFideId "12808806"]
[BlackFideId "24681067"]
[WhiteElo "1846"]
[BlackElo "2156"]

1. d4 d5 2. Bf4 e6 3. e3 Bd6 4. Bg3 Nf6 5. Nd2 c5 6. c3 Nc6 7. Ngf3 O-O 8. Bd3 Re8 9. Ne5 Bxe5 10.
dxe5 Nd7 11. Nf3 Nf8 12. O-O b6 13. Qe2 Bb7 14. Nd2 Qe7 15. f4 f5 16. Nf3 a6 17. Rfd1 b5 18. b3 Rec8 19.
Bc2 Qc7 20. Be1 Qb6 21. Bf2 a5 22. Bd3 Ba6 23. Rab1 Qb7 24. c4 dxc4 25. bxc4 b4 26. e4 Ne7 27. exf5 exf5 28. Qc2 g6 29. Be2 Ne6 30. g3 Rd8 31.
Rxd8+ Rxd8 32. Rd1 Qa8 33. Rxd8+ Qxd8 34. Qd3 Qxd3 35. Bxd3 Nc6 36. Kf1 a4 37. Ke2 b3 38. axb3 a3 39.
Be1 Ned4+ 40. Nxd4 Nxd4+ 41. Kd1 Nxb3 42. Bc3 a2 43. Kc2 Na5 44. Kb2 Bxc4 45. Bxa5 1/2-1/2

[Event "32nd NATO Chess Championship"]
[Site "Tartu, Estonia"]
[Date "2022.06.28"]
[Round "3.17"]
[White "Flaata, Alexander R."]
[Black "Rosseel, Kimball"]
[Result "1/2-1/2"]
[TimeControl "90 min + 30 sec increment from move one"]
[WhiteFideId "1502026"]
[BlackFideId "233331"]
[WhiteElo "2048"]
[BlackElo "1831"]

1. d4 d6 2. Bf4 g6 3. Nc3 Bg7 4. e4 Nc6 5. d5 Nd4 6. Nge2 c5 7. dxc6 Nxc6 8. Qd2 Nf6 9. Bh6 O-O 10.
h4 Bxh6 11. Qxh6 Ng4 12. Qd2 Qb6 13. Ng3 h6 14. Bc4 Qd4 15. Qxd4 Nxd4 16. O-O-O Nxc2 17. Kxc2 Nxf2 18. Nd5 Nxh1 19.
Nxe7+ Kg7 20. Rxh1 Be6 21. Kd3 Bxc4+ 22. Kxc4 Rfe8 23. Nd5 Rac8+ 24. Kd3 h5 25. Rf1 Re5 26. Ne3 Rec5 27. Ne2 b5 28.
Nd4 a6 29. Nb3 Re5 30. Nd4 Rec5 31. Rf2 Re8 32. Nf3 f6 33. b4 Rc7 34. Nd5 Rf7 35. Nd4 Re5 36. Nf3 Re8 37. Nd4 Re5 38.
Nc6 Re8 39. Ne3 Rc8 40. Nd4 Re8 41. Rc2 Rfe7 42. Nef5+ gxf5 43. Nxf5+ Kf8 44. Nxe7 Kxe7 45. Ke3 Ke6 46. Rc6 Ra8 47.
Rb6 Kd7 48. Rb7+ Ke6 49. Kf4 Rc8 50. Rb6 Rc2 51. Rxa6 Rxg2 52. Kf3 Rg4 53. Ra5 Rxh4 54. Rxb5 Rh3+ 55. Kg2 Ra3 56. Ra5 Re3 57.
Rxh5 Rxe4 58. a3 d5 59. b5 Kd6 60.
Rh3 d4 61. Rb3 Kc5 62. a4 d3 63. Rc3+ Kb4 64. Rxd3 Kxa4 65. b6 Rb4 66. Rd6 Ka5 67. Rxf6 Rxb6 68. Rxb6 1/2-1/2

[Event "32nd NATO Chess Championship"]
[Site "Tartu, Estonia"]
[Date "2022.06.28"]
[Round "3.18"]
[White "Tustanowski, Mateusz"]
[Black "Allmann, Lauri"]
[Result "1-0"]
[TimeControl "90 min + 30 sec increment from move one"]
[WhiteFideId "1169866"]
[BlackFideId "2604868"]
[WhiteElo "2036"]
[BlackElo "1804"]

1. d4 Nf6 2. Bf4 g6 3. Nc3 Bg7 4. e4 d6 5. Qd2 a6 6. O-O-O Nc6 7. f3 b5 8. Bh6 Bxh6 9. Qxh6 e5 10.
dxe5 Nxe5 11. h3 Ng8 12. Qe3 Ne7 13. f4 N5c6 14. Nd5 Nxd5 15. exd5+ Qe7 16. Qc3 O-O 17. Re1 Qh4 18. g3 Nb4 19.
gxh4 Nxa2+ 20. Kd2 Nxc3 21. Kxc3 Bb7 22. Bg2 Rfe8 23. Ne2 Re3+ 24. Kd2 Re7 25. Ng3 Rd7 26. h5 f5 27. Re6 Kf7 28.
Rhe1 Rg8 29. Bf3 a5 30. h6 a4 31. Nh5 gxh5 32. Bxh5+ Rg6 33. Bxg6+ hxg6 34. Re8 Bxd5 35. h7 1-0

[Event "32nd NATO Chess Championship"]
[Site "Tartu, Estonia"]
[Date "2022.06.28"]
[Round "3.19"]
[White "Lambruschini, Alex"]
[Black "Jacob, Tobias"]
[Result "0-1"]
[TimeControl "90 min + 30 sec increment from move one"]
[WhiteFideId "2604868"]
[BlackFideId "12903221"]
[WhiteElo "1807"]
[BlackElo "2013"]

1. Nf3 Nf6 2. d4 g6 3. c4 Bg7 4. Nc3 O-O 5. e4 d6 6. Be2 e5 7. dxe5 dxe5 8. Bg5 Qxd1+ 9. Rxd1 c6 10.
Rd6 Be6 11. h4 h6 12. Be3 Nbd7 13. O-O Rfe8 14. Nh2 Bf8 15. Rdd1 Nc5 16. f3 Nh5 17. Ng4 Bxg4 18. fxg4 Ng3 19.
Rfe1 Ngxe4 20. Nxe4 Nxe4 21. Bd3 Nf6 22. Be2 b6 23. Rf1 Re6 24. Kh2 Rae8 25. Kh3 Kg7 26. g5 hxg5 27. Bxg5 Nh7 28.
Bc1 Bc5 29. g4 f6 30. a3 Bd4 31. Bf3 Nf8 32. Be4 Nd7 33. b4 Nf8 34. a4 Rd8 35. b5 cxb5 36. axb5 Red6 37. Bd5 Ne6 38.
Ba3 Bc5 39. Bxc5 Nxc5 40. Ra1 R8d7 41. Ra3 Ne6 42. Bc6 Rd3+ 43. Rxd3 Rxd3+ 44. Rf3 Rd6 45. Ra3 a5 46. bxa6 Rxc6 47.
a7 Nc7 48. a8=Q Nxa8 49. Rxa8 Rxc4 50. Rb8 Rc3+ 51. Kg2 Rb3 52. Kf2 f5 53. Rb7+ Kh6 54. gxf5 gxf5 55. Re7 e4 56. Ke2 Kh5 57.
Re5 Kg4 58. Kd2 Rd3+ 59. Kc2 Rd6 60. h5 Kf4 0-1

[Event "32nd NATO Chess Championship"]
[Site "Tartu, Estonia"]
[Date "2022.06.28"]
[Round "3.20"]
[White "Hernandez, Albert"]
[Black "Ivanovs, Aleksejs"]
[Result "1-0"]
[TimeControl "90 min + 30 sec increment from move one"]
[WhiteFideId "2075407"]
[BlackFideId "11626283"]
[WhiteElo "2012"]
[BlackElo "1784"]

1. d4 d5 2. c4 e6 3. Nc3 Nf6 4. Bg5 Nbd7 5. Nf3 Be7 6. g3 O-O 7. Bg2 c6 8. O-O h6 9. Bf4 dxc4 10.
Nd2 Nb6 11. a4 a5 12. e4 Nh7 13. Be3 Bg5 14. f4 Be7 15. Qe2 g5 16. Nxc4 Nxc4 17. Qxc4 gxf4 18. Bxf4 Bg5 19. e5 h5 20.
Ne4 Bxf4 21. Rxf4 f5 22. exf6 Nxf6 23. Raf1 Nh7 24. Rxf8+ Nxf8 25. Nf6+ Kh8 26. Qc5 b6 27. Qxh5+ 1-0

[Event "32nd NATO Chess Championship"]
[Site "Tartu, Estonia"]
[Date "2022.06.28"]
[Round "3.21"]
[White "Van Den Heuvel, Tonnie"]
[Black "Nilsson, Erik"]
[Result "0-1"]
[TimeControl "90 min + 30 sec increment from move one"]
[WhiteFideId "1012924"]
[BlackFideId "1409000"]
[WhiteElo "1799"]
[BlackElo "2002"]

1. b3 e5 2. Bb2 Nc6 3. e3 Nf6 4. Bb5 e4 5. d4 exd3 6. Qxd3 Nb4 7. Qd1 c6 8. Be2 a5 9. a3 Na6 10.
Nf3 Be7 11. O-O O-O 12. Nc3 Nc5 13. Re1 Re8 14. Qd4 Ne6 15. Qd2 d6 16. Rad1 Qc7 17. Nd4 Nf8 18. Bd3 Ng6 19. Nf5 Bf8 20.
Ne2 Ne5 21. Bxe5 dxe5 22. f3 Bxa3 23. e4 Bxf5 24. exf5 e4 25. fxe4 Ng4 26. Nf4 Bc5+ 27. Kf1 Be3 28. Rxe3 Qxf4+ 29. Rf3 Nxh2+ 30. Ke2 Qxd2+ 31. Rxd2 Nxf3 0-1

[Event "32nd NATO Chess Championship"]
[Site "Tartu, Estonia"]
[Date "2022.06.28"]
[Round "3.23"]
[White "Nielsen, Jan Mose"]
[Black "Charles, Freddy"]
[Result "1-0"]
[TimeControl "90 min + 30 sec increment from move one"]
[WhiteFideId "1405306"]
[BlackFideId "1742"]
[WhiteElo "1991"]
[BlackElo "1742"]

1. d4 Nf6 2. Bg5 d6 3. Nc3 c6 4. e4 Nbd7 5. f4 Qa5 6. Bd3 e5 7. Nf3 Be7 8. Qd2 Ng8 9. fxe5 dxe5 10.
d5 Bb4 11. O-O-O f6 12. dxc6 bxc6 13. Be3 Ne7 14. Bc4 Qc7 15. a3 Bc5 16. Rhe1 a5 17. Na4 Bxe3 18. Rxe3 Nb6 19. Nxb6 Qxb6 20.
Rd3 Bb7 21. Rd7 1-0

[Event "32nd NATO Chess Championship"]
[Site "Tartu, Estonia"]
[Date "2022.06.28"]
[Round "3.24"]
[White "Moulton, Richard"]
[Black "Aagaard, Gert"]
[Result "0-1"]
[TimeControl "90 min + 30 sec increment from move one"]
[WhiteFideId "2622718"]
[BlackFideId "1427024"]
[WhiteElo "1766"]
[BlackElo "1979"]

1. e4 c5 2. Nf3 Nc6 3. Bb5 e6 4. O-O Nge7 5. Re1 a6 6. Bf1 d5 7. exd5 Nxd5 8. d4 Nf6 9. dxc5 Qxd1 10.
Rxd1 Bxc5 11. Nc3 Nb4 12. Bg5 Nxc2 13. Rac1 Nb4 14. Bxf6 gxf6 15. Ne4 Be7 16. a3 Nc6 17. Nd6+ Bxd6 18.
Rxd6 Ke7 19. Rd2 Rd8 20. Rdc2 Bd7 21. h3 Rac8 22. Bd3 h6 23. Kf1 Na7 24. Ke2 Rxc2+ 25. Rxc2 Bc6 26. Rc3 Rd7 27.
Ne1 Bd5 28. g3 Nc6 29. Ke3 b5 30. Nc2 Kd8 31. Be2 f5 32. Kf4 Be4 33. Ke3 Ne7 34. Rc5 Nd5+ 35. Kd2 Nb4+ 36. Kc1 Nxc2 37.
Rxc2 Bxc2 38. Kxc2 Kc7 39. a4 Kb6 40. axb5 axb5 41. Kc3 e5 42. Bd3 e4 43. Be2 f6 44. Kc2 Kc5 45. Kc3 b4+ 46.
Kc2 Rd6 47. b3 Kd4 48. Kd2 e3+ 49. fxe3+ Ke4+ 50. Ke1 Kxe3 51. h4 Rd2 0-1

[Event "32nd NATO Chess Championship"]
[Site "Tartu, Estonia"]
[Date "2022.06.28"]
[Round "3.25"]
[White "Stankowski, Aleksander"]
[Black "Smit, Jan"]
[Result "1-0"]
[TimeControl "90 min + 30 sec increment from move one"]
[WhiteFideId "1137603"]
[BlackFideId "1052047"]
[WhiteElo "1971"]
[BlackElo "1741"]

1. Nf3 g6 2. g3 Bg7 3. Bg2 Nf6 4. O-O d6 5. d3 O-O 6. Nc3 c6 7. e4 e5 8. h3 h6 9. Nh4 Nh5 10.
Nf5 gxf5 11. Qxh5 Qf6 12. exf5 Bxf5 13. Ne4 Qe6 14. f4 Bxe4 15. Bxe4 f5 16. Bg2 Nd7 17. fxe5 dxe5 18. Bd2 Qf7 19.
Qh4 Qg6 20. Rae1 Qd6 21. Bb4 Qf6 22. Qc4+ Rf7 23. Bc3 Re8 24. Kh2 Qe6 25. Qxe6 Rxe6 26. g4 fxg4 27. hxg4 Rxf1 28. Rxf1 Nf6 29.
Kg3 e4 30. Re1 Kf7 31. dxe4 Bf8 32. e5 Nd7 33. Kf4 Be7 34. Kf5 Bf8 35. Rd1 1-0

[Event "32nd NATO Chess Championship"]
[Site "Tartu, Estonia"]
[Date "2022.06.28"]
[Round "3.26"]
[White "Simard, Francois"]
[Black "Pirs, Matjaz"]
[Result "1-0"]
[TimeControl "90 min + 30 sec increment from move one"]
[WhiteFideId "2621681"]
[BlackFideId "14606941"]
[WhiteElo "1757"]
[BlackElo "1965"]

1. d4 Nf6 2. c4 e6 3. Nc3 d5 4. Bg5 Nbd7 5. e3 Be7 6. Nf3 O-O 7. Bd3 dxc4 8. Bxc4 a6 9. O-O b5 10.
Bd3 Bb7 11. Rc1 c5 12. dxc5 Nxc5 13. Be2 Qb6 14. b4 Nce4 15. Nxe4 Bxe4 16. Qb3 Bd5 17. Qb2 Qb7 18. Rfd1 Rfc8 19.
Ne1 h6 20. Bh4 Rxc1 21. Rxc1 Rc8 22. a3 Qd7 23. Rxc8+ Qxc8 24. Qc2 Qb7 25. Bf3 g5 26. Bxd5 Nxd5 27. Bg3 a5 28. bxa5 Bxa3 29.
Nd3 Qa8 30. Bc7 Qc8 31. Qb3 Nxc7 32.
Qxa3 Na6 33. g3 Qc7 34. Qa1 Qd8 35. Ne5 Qd5 36. Qc3 Qc5 37. Qxc5 Nxc5 38. Kf1 f6 39. Nc6 Na6 40. Ke2 Kf7 41.
Kd3 e5 42. Na7 Nc7 43. Kc3 Nd5+ 44. Kb3 b4 45. Nc6 Ke6 46. Nxb4 Nc7 47. Kc4 Kd6 48. a6 f5 49. a7 Na8 50.
Nd5 h5 51. Nf6 h4 52. gxh4 gxh4 53. Nh7 Nb6+ 54. Kb5 Nd5 55. Ka5 Nc7 56. Kb6 1-0

[Event "32nd NATO Chess Championship"]
[Site "Tartu, Estonia"]
[Date "2022.06.28"]
[Round "3.27"]
[White "Stuhr, Finn"]
[Black "Balmaceda, Enrico"]
[Result "0-1"]
[TimeControl "90 min + 30 sec increment from move one"]
[WhiteFideId "1400789"]
[BlackFideId "2089785"]
[WhiteElo "1686"]
[BlackElo "1958"]

1. e4 c5 2. Bc4 Nc6 3. Nf3 g6 4. c3 Bg7 5. d3 e6 6. Qe2 Nge7 7. Bb3 Qc7 8. O-O O-O 9. Be3 b6 10.
Nbd2 Ba6 11. a4 d5 12. Bg5 Rfe8 13. Rfe1 Qd7 14. Bc2 h6 15. Bf4 Rad8 16. e5 Rc8 17. g4 g5 18. Bg3 Ng6 19.
h4 gxh4 20. Bxh4 Nxh4 21. Nxh4 Nxe5 22. f4 Ng6 23. Qh2 Nxh4 24. Qxh4 Qd8 25. g5 hxg5 26. fxg5 e5 27. Kf2 Rc6 28. Nf3 Bc8 29. Qg3 Qe7 30.
Re2 Bf5 31. Rae1 Re6 32. Nh4 Bh7 33. Qg2 e4 34. dxe4 Bxe4 35. Bxe4 Rxe4 36. Rxe4 dxe4 37. Nf5 Qe5 38. Qg4 Qh2+ 39.
Kf1 Qxb2 40. Qg3 Qxc3 41. Nh6+ Kh7 42. Qf4 Qh3+ 43. Kf2 Bd4+ 44. Re3 Qxe3+ 45. Qxe3 Bxe3+ 46. Kxe3 Re7 47. Nf5 Re5 48.
Nd6 Kg6 49. Kf4 Re6 0-1

[Event "32nd NATO Chess Championship"]
[Site "Tartu, Estonia"]
[Date "2022.06.28"]
[Round "3.28"]
[White "Randall, Gordon"]
[Black "O`byrne, Daniel"]
[Result "1-0"]
[TimeControl "90 min + 30 sec increment from move one"]
[WhiteFideId "2056518"]
[BlackFideId "440825"]
[WhiteElo "1954"]
[BlackElo "1664"]

1. d4 Nf6 2. c4 e5 3. dxe5 Ne4 4. a3 Bc5 5. e3 d6 6. Qd5 Ng5 7. exd6 Bxd6 8. e4 Ne6 9. Nc3 c6 10.
Qd1 O-O 11. Nf3 Qc7 12. Be2 Re8 13. O-O Nc5 14. Qc2 Bg4 15. h3 Bh5 16. Be3 Bg6 17. Nd2 Nbd7 18. f4 f6 19. b4 Na6 20.
c5 Bf8 21. Bc4+ Bf7 22. Bxf7+ Kxf7 23. Qb3+ Ke7 24. Nf3 Kd8 25. Rad1 Kc8 26. Qf7 Rd8 27. Nd4 Ndb8 28. Ne6 Rxd1 29.
Rxd1 Qd7 30. Qxf8+ 1-0

[Event "32nd NATO Chess Championship"]
[Site "Tartu, Estonia"]
[Date "2022.06.28"]
[Round "3.29"]
[White "Papler, Peter"]
[Black "Koopmeiners, Karl"]
[Result "1/2-1/2"]
[TimeControl "90 min + 30 sec increment from move one"]
[WhiteFideId "14609770"]
[BlackFideId "24624373"]
[WhiteElo "1714"]
[BlackElo "1946"]

1. d4 d5 2. Nc3 c6 3. Bf4 Bf5 4. Nf3 e6 5. a3 Bd6 6. Bg3 Nf6 7. e3 Bxg3 8. hxg3 Qb6 9. b4 Nbd7 10.
Nh4 O-O 11. Nxf5 exf5 12. f3 a5 13. b5 a4 14. Bd3 g6 15. bxc6 bxc6 16. Kf2 c5 17. Rb1 Qa5 18. Nb5 Rab8 19.
dxc5 Nxc5 20. Be2 Ne6 21. Rb4 Rfd8 22. Rhh4 d4 23. exd4 Nd5 24. Rb1 Nc3 1/2-1/2

[Event "32nd NATO Chess Championship"]
[Site "Tartu, Estonia"]
[Date "2022.06.28"]
[Round "3.30"]
[White "Hater, David"]
[Black "Windey, Luc"]
[Result "1/2-1/2"]
[TimeControl "90 min + 30 sec increment from move one"]
[WhiteFideId "2017776"]
[BlackFideId "249220"]
[WhiteElo "1944"]
[BlackElo "1624"]

1. e4 c5 2. Nf3 Nc6 3. Be2 d6 4. c3 Nf6 5. d4 cxd4 6. cxd4 Nxe4 7. d5 Qa5+ 8. Nc3 Nxc3 9. bxc3 Ne5 10. Nxe5 dxe5 11. O-O g6 12. Qb3 a6 13. Be3 Qc7 14. f4 Bh6 15. Bb6 Qd6 16. fxe5 Qxe5 17. Rae1 O-O 18. Bxa6 Qd6 19. Bc4 Bg7 20. Bd4 Ra3 21. Qd1 b6 1/2-1/2

[Event "32nd NATO Chess Championship"]
[Site "Tartu, Estonia"]
[Date "2022.06.28"]
[Round "3.31"]
[White "Sui, Andres"]
[Black "Peraino, Andrew"]
[Result "0-1"]
[TimeControl "90 min + 30 sec increment from move one"]
[WhiteFideId "4507029"]
[BlackFideId "30936187"]
[WhiteElo "1288"]
[BlackElo "1940"]

1. e4 c5 2. Nf3 d6 3. d4 cxd4 4. Nxd4 Nf6 5. Nc3 Nc6 6. Be3 g6 7. f4 Bg7 8. Be2 O-O 9. O-O a6 10.
Qd2 Qc7 11. Bf3 Bd7 12. Rac1 Rac8 13. a3 Na5 14. Nd5 Nxd5 15. exd5 Nc4 16. Qc3 Qb6 17. Nf5 Bxf5 18. Qxg7+ Kxg7 19.
Bxb6 Nxb6 20. c3 h5 21. h3 h4 22. Rfe1 Rfe8 23. b3 Nd7 24. b4 Nb6 25. Kf2 Nc4 26. a4 Nb2 27. Re3 Nd3+ 0-1

[Event "32nd NATO Chess Championship"]
[Site "Tartu, Estonia"]
[Date "2022.06.28"]
[Round "3.34"]
[White "Rizihs, Valerijs"]
[Black "Tammisto, Janek"]
[Result "0-1"]
[TimeControl "90 min + 30 sec increment from move one"]
[WhiteFideId "11603380"]
[BlackFideId "4510950"]
[WhiteElo "1619"]
[BlackElo "1881"]

1. d4 Nf6 2. Nc3 g6 3. e4 d6 4. Nf3 Bg7 5. Be2 O-O 6. O-O b6 7. Re1 Bb7 8. Bf1 c5 9. d5 Na6 10.
h3 Nc7 11. Bf4 a6 12. a4 Qd7 13. Qd2 b5 14. axb5 axb5 15. e5 b4 16. Rxa8 Rxa8 17. Nd1 Nfxd5 18. exd6 exd6 19. Bg3 Ba6 20.
Bxa6 Rxa6 21. c4 Ne7 22. b3 Ne6 23. Re2 Nf5 24. Be5 Bxe5 25. Nxe5 Qc7 26. Ng4 Qd8 27. Nde3 h5 28. Nxf5 hxg4 29.
Nh6+ Kf8 30. Nxg4 Qg5 31. Qb2 Nd4 32. Rd2 Ra1+ 33. Qxa1 Qxd2 34. Qa8+ Kg7 35. Qd8 Ne2+ 36. Kh2 Qd4 37.
g3 Qa1 38. Kg2 Qg1+ 39. Kf3 Nd4+ 40. Ke4 Qb1+ 41. Kd5 Qf5+ 42. Kxd6 Nxb3 43. Kc7 Nd4 44. Qd6 b3 45. Ne3 Qxf2 46.
Nd5 Ne6+ 47. Kc8 Qd4 48.
Qb8 b2 49. Nf4 Qd8+ 0-1

[Event "32nd NATO Chess Championship"]
[Site "Tartu, Estonia"]
[Date "2022.06.28"]
[Round "3.35"]
[White "Steffers, Hendrik"]
[Black "Heran-Boily, Samuel"]
[Result "0-1"]
[TimeControl "90 min + 30 sec increment from move one"]
[WhiteFideId "1010743"]
[BlackFideId "1554565"]
[WhiteElo "1838"]
[BlackElo "1871"]

1. d4 d5 2. Nf3 Nf6 3. e3 e6 4. Bd3 Be7 5. Nbd2 O-O 6. O-O b6 7. Ne5 Bb7 8. f4 c5 9. b3 Nc6 10.
Nxc6 Bxc6 11. Bb2 b5 12. c3 c4 13. Bc2 a5 14. bxc4 bxc4 15. a4 Rb8 16. Ba3 Bxa3 17. Rxa3 Nd7 18.
e4 f5 19. exf5 exf5 20. Nf3 Qe7 21. Qc1 g6 22. Re1 Qd6 23. Ne5 Nf6 24. Ra1 Rb7 25. Qa3 Qxa3 26. Rxa3 Be8 27. Rb1 Rxb1+ 28. Bxb1 Ne4 29. Bxe4 fxe4 30. g3 Rf6 31. Ra1 Rb6 32. Ng4 Kg7 33. Ne3 Bc6 34. Nd1 Rb3 35. Kf2 Bd7 36. Ne3 Bc6 37.
Nd1 Kf6 38. h3 h5 39. g4 Bd7 40. Kg3 Be6 41. Kh4 Rb8 42. Kg3 Ke7 43. Ne3 Rb3 44. Nd1 Kd6 45. Kh4 Bf7 46. Kg5 hxg4 47.
hxg4 Be8 48. Kf6 Rb7 49. Kg5 Bd7 50. Ne3 Rb3 51. Nd1 Rb8 52. Ne3 Rb3 53. Nd1 Ke7 54. Kh4 Kf7 55. Kg5 Be6 56.
Kh4 Kf6 57. Kg3 Bd7 58. Kh4 Bc6 59. Kg3 Be8 60. Kh4 Bd7 61. Ne3 Bc6 62. Nd1 Rb8 63. Ne3 Rb2 64. Nd1 Rd2 65. Ne3 Rh2+ 66.
Kg3 Re2 67. Nd1 e3 68. g5+ Ke7 69. Rb1 Re1 70. Rb6 Rxd1 71. Kf3 Bxa4 72. Kxe3 Rd3+ 73. Kf2 Rxc3 74. Rxg6 Bc2 75. Ra6 a4 76.
Ra7+ Ke6 77. Ra6+ Kd7 78. g6 Ke7 79. Ra7+ Kf6 80. g7 Bh7 81. Rxa4 Kxg7 82. Ra6 Be4 83. Rc6 Rf3+ 84. Ke2 Rxf4 0-1

[Event "32nd NATO Chess Championship"]
[Site "Tartu, Estonia"]
[Date "2022.06.28"]
[Round "3.37"]
[White "Voroblievas, Arturas"]
[Black "Ntalampiras, Spyros"]
[Result "1-0"]
[TimeControl "90 min + 30 sec increment from move one"]
[WhiteFideId "12803430"]
[BlackFideId "4227778"]
[WhiteElo "1740"]
[BlackElo "1815"]

1. e4 c5 2. Nf3 Nc6 3. d4 cxd4 4.
Nxd4 Nf6 5. Nc3 g6 6. Be3 Bg7 7. Bc4 O-O 8. O-O d6 9. h3 a6 10. a3 Bd7 11. Bb3 Rc8 12. Qd2 Na5 13.
Ba2 Nc4 14. Bxc4 Rxc4 15. Rad1 Qc8 16. Qe2 Rd8 17. f4 e5 18. fxe5 dxe5 19. Nb3 Nxe4 20. Bb6 Nxc3 21. bxc3 Re8 22.
Rxd7 Qxd7 23. Qxc4 Rc8 24. Nc5 Qe7 25. Qd5 Rc6 26. Na4 Bf8 27. Be3 Kg7 28. Kh1 f5 29. Rd1 f4 30. Bf2 Qxa3 31.
Qxe5+ Kg8 32. Bd4 Qxa4 33. Qd5+ 1-0

[Event "32nd NATO Chess Championship"]
[Site "Tartu, Estonia"]
[Date "2022.06.28"]
[Round "3.40"]
[White "Ross, David C"]
[Black "Korge, Kersti"]
[Result "1/2-1/2"]
[TimeControl "90 min + 30 sec increment from move one"]
[WhiteFideId "417572"]
[BlackFideId "4502310"]
[WhiteElo "1677"]
[BlackElo "1864"]

1. e4 c5 2. Nc3 Nc6 3. g3 g6 4. Bg2 Bg7 5.
d3 d6 6. Be3 Nf6 7. h3 O-O 8. Qd2 Qb6 9. Rb1 Be6 10.
Bh6 Nd4 11. Bxg7 Kxg7 12. b3 Qb4 13. Nf3 d5 14. Nxd4 Qxd4 15. Ne2 Qe5 16. f4 Qc7 17. e5 Nd7 18. O-O h5 19. f5 Bxf5 20. Rxf5 gxf5 21. Qg5+ Kh8 22. Qxh5+ 1/2-1/2

[Event "32nd NATO Chess Championship"]
[Site "Tartu, Estonia"]
[Date "2022.06.28"]
[Round "3.45"]
[White "Chapman, Chas"]
[Black "Ivsek, Cveto"]
[Result "0-1"]
[TimeControl "90 min + 30 sec increment from move one"]
[WhiteFideId "443468"]
[BlackFideId "14608405"]
[WhiteElo "1646"]
[BlackElo "1766"]

1. e4 c5 2. Nf3 e6 3. d4 cxd4 4. Nxd4 a6 5. Be3 Nc6 6. a3 Nf6 7. Nxc6 bxc6 8. Nc3 d5 9. exd5 cxd5 10.
Be2 Bd6 11. O-O Rb8 12. Rb1 Qc7 13. h3 O-O 14. Bd2 d4 15. Na2 e5 16. Bb4 Bxb4 17. Nxb4 a5 18. Nd3 e4 19. Ne1 Rd8 20.
b4 axb4 21. Rxb4 Rxb4 22. axb4 Qb6 23. Qb1 Nd5 24. Qb3 Qxb4 25. Bc4 Qxb3 26. Bxb3 Ba6 0-1

[Event "32nd NATO Chess Championship"]
[Site "Tartu, Estonia"]
[Date "2022.06.29"]
[Round "4.1"]
[White "Stein, Robert"]
[Black "Wang, Eigen"]
[Result "1/2-1/2"]
[TimeControl "90 min + 30 sec increment from move one"]
[WhiteTitle "FM"]
[WhiteFideId "12921084"]
[BlackFideId "2008777"]
[WhiteElo "2365"]
[BlackElo "2293"]

1. d4 Nf6 2. c4 g6 3. Nc3 Bg7 4. e4 d6 5. Nf3 O-O 6. Be2 c5 7. O-O cxd4 8. Nxd4 Nc6 9. Be3 Nxd4 10.
Bxd4 Bd7 11. f3 Bc6 12. Kh1 Nd7 13. Bxg7 Kxg7 14. Qd4+ Kg8 15. Nd5 e5 16. Qd2 Bxd5 17. exd5 a5 18.
b3 Qb6 19. Rab1 Nf6 20. a3 Nh5 21. Rfc1 Qf2 22. Rb2 Rfe8 23. b4 axb4 24. axb4 b6 25. c5 bxc5 26. Bb5 Qxd2 27. Rxd2 Rec8 28.
Rdc2 Rab8 29. Ba6 Rd8 30. bxc5 dxc5 31. Rxc5 Nf6 32. Bc4 Rbc8 33. Rc6 Kg7 34. Kg1 Ng8 35. Ba6 Rb8 36. d6 Rb2 37.
Rd1 Nf6 38. Bc4 Rb7 39. Ba6 Rb4 40. Rc8 Rd7 41. Rc7 Rd4 42. Rxd4 exd4 43. Rxd7 Nxd7 44. Bb5 Nc5 45. d7 Nb7 46.
Kf2 Kf8 47. Ba6 Nd8 48. Ke2 Ke7 49. Bb5 Ne6 50. g3 1/2-1/2